 Dungeon Crawl Stone Soup version 0.29.1-12-g30fa7ad0bf (webtiles) character file.

Game seed: 15292350582256306386

429 xian the Cudgeller (level 6, 0/59 HPs)
             Began as a Troll Gladiator on Jan 6, 2023.
             Slain by an orc
             ... wielding a +0 flail
              (4 damage)
             ... on level 3 of the Dungeon.
             The game lasted 00:08:30 (2259 turns).

xian the Cudgeller (Troll Gladiator)                Turns: 2259, Time: 00:08:31

Health: 0/59       AC:  4    Str: 25    XL:     6   Next: 66%
Magic:  5/5        EV: 10    Int:  4    God:
Gold:   108        SH:  9    Dex: 17    Spells: 5/5 levels left

rFire   . . .      SeeInvis .   s - +2 short sword (venom)
rCold   . . .      Faith    .   j - +0 kite shield
rNeg    . . .      Spirit   .   b - +0 robe
rPois   .          Reflect  .   c - +0 hat
rElec   .          Harm     .   (no cloak)
rCorr   .          Rampage  .   (gloves unavailable)
Will    .....                   (boots unavailable)
Stlth   ++........              (no amulet)
HPRegen 0.99/turn               o - +6 ring of dexterity
MPRegen 0.09/turn               (no ring)

@: no status effects
A: large, unfitting armour, claws 3, regeneration 1, shaggy fur 1, tough skin 1
a: no special abilities


You were on level 3 of the Dungeon.
You visited 1 branch of the dungeon, and saw 3 of its levels.
You also visited: Sewer.

You collected 146 gold pieces.
You spent 38 gold pieces at shops.

Inventory:

Hand Weapons
 r - a +5 dagger
 s - a +2 short sword of venom (weapon)
Missiles
 a - 19 stones
 d - a throwing net (quivered)
 e - a large rock
Armour
 b - a +0 robe (worn)
 c - a +0 hat (worn)
 j - a +0 kite shield (worn)
Magical Staves
 h - a staff of poison
Jewellery
 o - a +6 ring of dexterity (left claw)
Scrolls
 f - 2 scrolls of identify
 i - 2 scrolls of noise {unknown}
 k - 2 scrolls of amnesia
 l - 4 scrolls of teleportation {unknown}
 m - 3 scrolls of butterflies {unknown}
 q - a scroll of magic mapping
Potions
 g - a potion of might {unknown}
 n - 2 potions of cancellation {unknown}
 p - a potion of ambrosia {unknown}
 t - a potion of flight {unknown}
 u - a potion of heal wounds {unknown}
 v - a potion of curing {unknown}
 w - a potion of brilliance {unknown}
 x - a potion of lignification {unknown}


   Skills:
 + Level 2.5 Fighting
 + Level 2.2 Short Blades
 + Level 3.6 Maces & Flails
 + Level 1.9 Throwing
 + Level 3.4 Dodging
 + Level 0.3 Stealth
 * Level 3.1 Shields


You had 5 spell levels left.
You didn't know any spells.
Your spell library contained the following spells:

 Spells                   Type           Power      Damage    Failure   Level
 Gell's Gravitas          Tloc           0%         N/A       99%         3
 Lesser Beckoning         Tloc           0%         N/A       99%         3
 Teleport Other           Tloc           0%         N/A       99%         3


Dungeon Overview and Level Annotations

Branches:
Dungeon (3/15)              Sewer (visited)

Altars:
Qazlal
Wu Jian

Shops:
D:1 *   D:3 [

Annotations:
D:3 Natasha


Innate Abilities, Weirdness & Mutations

You are too large for most types of armour.
You have claws for hands.
Your natural rate of healing is unusually fast.
You are covered in fur. (AC +1)
You have tough skin. (AC +1)


Message History

The orc hits you with a +0 short sword.
* * * LOW HITPOINT WARNING * * *
An orc priest comes into view. It is wielding a +0 war axe.
You closely miss the orc wizard.
The orc wizard is moderately wounded.
You feel sick. The orc wizard closely misses you.
The orc hits you with a +0 flail.
* * * LOW HITPOINT WARNING * * *
You block the orc's attack.
You hit the orc wizard.
The orc wizard looks as sick as possible!
The orc wizard is heavily wounded.
You feel sick. You block the orc's attack. You block the orc wizard's attack.
The orc priest miscasts a cantrip.
The orc closely misses you.
Natasha growls.
You hit the orc wizard.
The orc wizard is heavily wounded.
You feel sick. You block the orc wizard's attack. The orc closely misses you.
You block the orc's attack.
You hit the orc wizard.
The orc wizard looks as sick as possible!
The orc wizard is almost dead.
You feel sick. The orc wizard casts a spell at you. The puff of flame hits you.
* * * LOW HITPOINT WARNING * * *
The orc closely misses you. The orc barely misses you.
You hit the orc wizard but do no damage.
The orc wizard is almost dead.
You feel sick.
You are no longer poisoned.
You kill the orc wizard!
The orc barely misses you. x2
Your Short Blades skill increases to level 2!
The crimson imp attacks as you move away!
The crimson imp hits you.
* * * LOW HITPOINT WARNING * * *
The orc hits you with a +0 flail.
You die...

~~~,,~* #######.####.#.#.##..####
~~~~≈,* #............#.#.##..# #
,,,,..###.#####.######.#.....# #
*****#..#.### #.# #.#..#.## #
***,**#.....# #.# #.#..#.# #
,,,,###.#.#.###.# #.#..#.## #
***,............# ##.......####
**###.#.#.#########............
#.........@.##.####....####
#####.#...oo5(......∩..#***
*,,,#...###.##>####........
*******,........oh###.#*#.##.###.
*,,,,,,.......###o# *#....*#...,,
*,*****#.###..# #.#***###.*#####,
*,* #.* #..###..,,,,,..*******
*,* #,* #......#,,,,,..,,,,* *,*
*,* #...####,***#..***,*


You could see an orc priest, Natasha, a crimson imp (summoned) and 2 orcs.

Vanquished Creatures
  Grinder (D:3)
  A hell rat (Sewer)
  Natasha (twice) (D:3)
  An orc wizard (D:3)
  Robin (D:3)
  2 adders
  3 river rats (Sewer)
  2 worms
  A dart slug (D:2)
  5 ball pythons
  4 endoplasms
  5 giant cockroaches
  14 goblins
  3 hobgoblins
  2 jackals (D:2)
  6 kobolds
  6 bats
  4 frilled lizards
  8 rats
71 creatures vanquished.

Notes
Turn   | Place    | Note
-------+----------+-------------------------------------------
     0 | D:1      | xian the Troll Gladiator began the quest for the Orb.
     0 | D:1      | Reached XP level 1. HP: 19/19 MP: 0/0
   110 | D:1      | Found a faded altar of an unknown god.
   195 | D:1      | Reached XP level 2. HP: 22/27 MP: 1/1
   470 | D:1      | Found Vifov's Assorted Antiques.
   540 | D:1      | Bought a scroll labelled DAVEHA OMEHEA for 19 gold pieces
   540 | D:1      | Bought a scroll labelled FIUTSI ZILAGH for 19 gold pieces
  1036 | D:2      | Reached XP level 3. HP: 32/35 MP: 2/2
  1590 | D:3      | Noticed Robin
  1595 | D:3      | Noticed Grinder
  1692 | D:3      | Reached skill level 1 in Shields
  1692 | D:3      | Reached XP level 4. HP: 40/42 MP: 3/3
  1701 | D:3      | Noticed Natasha
  1708 | D:3      | Killed Natasha
  1749 | D:3      | Found a glowing drain.
  1778 | Sewer    | Entered a sewer
  1855 | Sewer    | Reached skill level 1 in Short Blades
  1855 | Sewer    | Reached XP level 5. HP: 31/49 MP: 4/4
  1954 | D:3      | Found a stormy altar of Qazlal.
  2053 | D:3      | Found an ornate altar of the Wu Jian Council.
  2076 | D:3      | Killed Robin
  2080 | D:3      | Noticed Natasha
  2096 | D:3      | Killed Natasha
  2153 | D:3      | Found Kutudd's Armour Emporium.
  2222 | D:3      | Paralysed by Grinder for 5 turns
  2230 | D:3      | Paralysed by Grinder for 2 turns
  2245 | D:3      | Noticed Natasha
  2251 | D:3      | Killed Grinder
  2252 | D:3      | Reached XP level 6. HP: 16/59 MP: 5/5
  2259 | D:3      | Slain by an orc

Illustrated notes

Levels and vault maps discovered:
D:1:      heliophobic_arrival_enchanted_forest, layout_basic,
          chequers_ecumenical_altar_island, serial_shops, shop
D:2:      kennysheep_big_flooded_room, layout_basic
D:3:      layout_loops_ring, mainiacjoe_overflow_surrounded_room,
          mainiacjoe_overflow_boulevard, mainiacjoe_overflow_paths,
          serial_shops, shop, cheibrodos_sewer_entry_bend, hex_tiny, uniq_robin,
          uniq_natasha, uniq_grinder

Skill      XL: |  1  2  3  4  5  6 |
---------------+-------------------+-----
Maces & Flails | 3 |  3.6
Fighting       | 2 |  2.5
Shields        | 1 3 |  3.1
Dodging        | 3 |  3.4
Short Blades   | 1 2 |  2.2
Throwing       | |  1.9
Stealth        | |  0.3

Action                   |  1- 3 |  4- 6 || total
-------------------------+-------+-------++-------
Melee: Flail             |    73 |       ||    73
       Short sword       |    46 |   100 ||   146
Throw: Throwing net      |       |     2 ||     2
  Use: Scroll            |       |     3 ||     3
 Stab: Held in net/web   |       |     1 ||     1
       Sleeping          |       |     1 ||     1
Armor: Robe              |    56 |    23 ||    79
Dodge: Dodged            |    70 |    42 ||   112
Block: Kite shield       |    54 |    51 ||   105
